 Dungeon Crawl Stone Soup version 0.22-a0-422-g9628fc8 (webtiles) character file.

30 Kairos the Shield-Bearer (level 3, 20/20 HPs)
             Began as a Vine Stalker Fighter on May 19, 2018.
             Quit the game on level 1 of the Dungeon.
             The game lasted 00:00:37 (569 turns).

Kairos the Shield-Bearer (Vine Stalker Fighter)      Turns: 569, Time: 00:00:38

Health: 20/20      AC:  6    Str: 19    XL:     3   Next: 18%
Magic:  4/4        EV:  7    Int:  8    God:
Gold:   28         SH:  9    Dex: 13    Spells: 2/2 levels left

rFire    . . .     SeeInvis .   a - +0 war axe
rCold    . . .     Gourm    .   c - +0 shield
rNeg     . . .     Faith    .   b - +0 scale mail
rPois    .         Spirit   +   (no helmet)
rElec    .         Reflect  .   (no cloak)
rCorr    .         Harm     .   (no gloves)
MR       .....                  (no boots)
Stlth    ..........             (no amulet)
HPRegen  0.06/turn              (no ring)
MPRegen  0.09/turn              (no ring)

@: no status effects
A: fangs 2, magic shield, antimagic bite, no potion heal 3, rot immunity
a: no special abilities


You were on level 1 of the Dungeon.
You were not hungry.

You visited 1 branch of the dungeon, and saw 1 of its levels.

You collected 28 gold pieces.

Inventory:

Hand Weapons
 a - a +0 war axe (weapon)
Armour
 b - a +0 scale mail (worn)
 c - a +0 shield (worn)
Scrolls
 g - a scroll of enchant armour {unknown}
 j - 3 scrolls of identify {unknown}
 k - a scroll of fog {unknown}
Potions
 d - a potion of might
 e - a potion of haste {unknown}
 h - 2 potions of mutation {unknown}
 i - a potion of curing {unknown}
Comestibles
 f - a ration


   Skills:
 + Level 3.0 Fighting
 + Level 1.9 Axes
 + Level 2.8 Armour
 + Level 3.1 Shields


You had 2 spell levels left.
You didn't know any spells.
Your spell library was empty.

Dungeon Overview and Level Annotations

Branches:
Dungeon (1/15)

Altars:


Innate Abilities, Weirdness & Mutations

You have extremely sharp teeth.
When hurt, damage is shared between your health and your magic reserves.
Your bite disrupts and absorbs the magic of your enemies.
Potions cannot restore your health.
You are immune to rotting.


Message History

You block the bat's attack. You block the bat's attack.
You closely miss the bat. Your bite misses the bat. You block the bat's attack.
You closely miss the bat.
You kill the bat!
No target in view!
Key pressed, stopping explore.
You see here a whip.
Done exploring.
No target in view!
Done exploring.
No target in view!
Done exploring.
No target in view!
Done exploring.
Done exploring.
Done exploring.
Done exploring.
There is a stone staircase leading down here.
Are you sure you want to abandon this character and quit the game? (Confirm with "yes".)

####### #.....# #####.####
########## #######.#...
#........#########.........##
#........##.@......#######.#
#...........####.....# #.#
#........#### #.....# #.#
#........# #.....# #.##
#........# #.....# #...
####..#### #.....# ##.. ##.##
#.....# #... #..# ##.....#
##.. ##.# #......# #..


There were no monsters in sight!

Vanquished Creatures
  A leopard gecko (D:1)
  A giant cockroach (D:1)
  2 goblins (D:1)
  3 hobgoblins (D:1)
  3 jackals (D:1)
  4 bats (D:1)
  4 frilled lizards (D:1)
  6 kobolds (D:1)
  3 rats (D:1)
27 creatures vanquished.

Notes
Turn   | Place    | Note
-------+----------+-------------------------------------------
     0 | D:1      | Kairos the Vine Stalker Fighter began the quest for the Orb.
     0 | D:1      | Reached XP level 1. HP: 11/11 MP: 2/2
    80 | D:1      | Reached XP level 2. HP: 12/16 MP: 1/3
   358 | D:1      | Reached XP level 3. HP: 17/20 MP: 2/4
   569 | D:1      | Quit the game

Vault maps used:
D:1:      saegor_arrival_miasma

Skill      XL: |  1  2 |
---------------+-------+-----
Shields        | 3 |  3.1
Fighting       | 3 |  3.0
Axes           | |  1.9
Armour         | |  2.8

Action                   || total
-------------------------++-------
Melee: War axe           ||    49
       Bite              ||    12
Armor: Scale mail        ||    29
Dodge: Dodged            ||    18
Block: Shield            ||    32

Table legend:
 A = Spawn XP
 B = Non-spawn XP
 C = Spawn XP percentage of total XP
 D = Spawn monster count
 E = Non-spawn monster count
 F = Spawn count percentage of total count
 G = Total turns spent on level
                    A         B        C        D         E        F      G
               +---------+---------+-------+---------+---------+-------+---------
         Total |       0 |      43 |   0.0 |       0 |      27 |   0.0 |   569
               +---------+---------+-------+---------+---------+-------+---------
           D:1 |       0 |      43 |   0.0 |       0 |      27 |   0.0 |   569
               +---------+---------+-------+---------+---------+-------+---------
